 Dungeon Crawl Stone Soup version 0.25-a0-404-gc1b5a34292 (webtiles) character file.

Game seed: 15727798062748896342, levelgen mode: deterministic

8 Jerej03 the Skirmisher (level 2, -23/24 HPs)
             Began as a Demonspawn Chaos Knight on Jan 11, 2020.
             Was a Plaything of Xom.
             Killed by a magical explosion (42 damage)
             ... on level 1 of the Dungeon.
             The game lasted 00:02:59 (158 turns).

Jerej03 the Skirmisher (Demonspawn Chaos Knight)     Turns: 158, Time: 00:03:00

Health: -23/24     AC:  6    Str: 12    XL:     2   Next: 0%
Magic:  2/2        EV:  9    Int: 13    God:    Xom [..*...]
Gold:   8          SH:  0    Dex: 12    Spells: 1/1 levels left

rFire    . . .     SeeInvis .   a - +0 short sword (chaos)
rCold    . . .     Gourm    .   (no shield)
rNeg     . . .     Faith    .   g - +0 scale mail
rPois    .         Spirit   .   (helmet restricted)
rElec    .         Reflect  .   (no cloak)
rCorr    .         Harm     .   (no gloves)
MR       .....                  (no boots)
Stlth    ..........             (no amulet)
HPRegen  0.08/turn              (no ring)
MPRegen  0.08/turn              (no ring)

@: very heavily contaminated, glowing
A: horns 1
a: Renounce Religion


You were on level 1 of the Dungeon.
You worshipped Xom.
You were a toy of Xom.
You were not hungry.

You visited 1 branch of the dungeon, and saw 1 of its levels.

You collected 8 gold pieces.

Inventory:

Hand Weapons
 a - a +0 short sword of chaos (weapon)
Armour
 b - a +2 leather armour
 g - a +0 scale mail (worn)
Scrolls
 d - a scroll of identify
Potions
 e - a potion of might
Comestibles
 c - a ration
 f - 2 chunks of flesh


   Skills:
 + Level 3.2 Fighting
 + Level 3.0 Short Blades
 + Level 1.8 Armour
 + Level 0.9 Dodging


You had one spell level left.
You didn't know any spells.
Your spell library was empty.

Dungeon Overview and Level Annotations

Branches:
Dungeon (1/15)

Altars:


Innate Abilities, Weirdness & Mutations

You have a pair of small horns on your head.


Message History

You are heavily infused with residual magic.
You are engulfed in mutagenic fog.
The mutagenic energy flows into you.
You are engulfed in mutagenic fog.
The mutagenic energy flows into you.
You are engulfed in mutagenic fog.
The mutagenic energy flows into you.
Really walk into that cloud of mutagenic fog?
You are engulfed in mutagenic fog.
The mutagenic energy flows into you.
You are engulfed in mutagenic fog.
The mutagenic energy flows into you.
You are practically glowing with residual magic!
You are engulfed in mutagenic fog.
The mutagenic energy flows into you.
You are engulfed in mutagenic fog.
The mutagenic energy flows into you.
You are engulfed in mutagenic fog.
The mutagenic energy flows into you.
You are engulfed in mutagenic fog.
The mutagenic energy flows into you.
You are engulfed in mutagenic fog.
The mutagenic energy flows into you.
You are engulfed in mutagenic fog.
The mutagenic energy flows into you.
You are engulfed in mutagenic fog.
The mutagenic energy flows into you.
Your body shudders with the violent release of wild energies!
The magical storm engulfs you!!!
Ouch! That really hurt!
You die...
Xom cackles wildly!

#. #.# #.# #.# #.. #.#
#######.###############
..........>.)..ยง@.....#
######.###############
#.# #.# #.# #.# #.# #.#
#####.##


There were no monsters in sight!

Vanquished Creatures
  An ooze (D:1)
  A giant cockroach (D:1)
  A hobgoblin (D:1)
  A kobold (D:1)
4 creatures vanquished.

Notes
Turn   | Place    | Note
-------+----------+-------------------------------------------
     0 | D:1      | Jerej03 the Demonspawn Chaos Knight began the quest for the
                  | Orb.
     0 | D:1      | Reached XP level 1. HP: 18/18 MP: 1/1
    88 | D:1      | XOM: butterfly on damage
   107 | D:1      | Gained mutation: You have a pair of small horns on your
                  | head. [demonic ancestry]
   107 | D:1      | Reached XP level 2. HP: 15/24 MP: 2/2
   125 | D:1      | XOM: cloud trail
   158 | D:1      | Killed by a magical explosion

Levels and vault maps discovered:
D:1:      shiori_arrival_oz, layout_basic, minmay_pentomino_o2

Skill      XL: |  1 |
---------------+----+-----
Short Blades   | 3 |  3.0
Fighting       | |  3.2
Armour         | |  1.8
Dodging        | |  0.9

Action                   || total
-------------------------++-------
Melee: Short sword       ||    15
  Use: Scroll            ||     1
Armor: Leather armour    ||     1
Dodge: Dodged            ||    10

Table legend:
 A = Non-vault XP
 B = Vault XP
 C = Vault XP percentage of total XP
 D = Non-vault monster count
 E = Vault monster count
 F = Vault count percentage of total count
                 A         B        C        D         E       F
            +---------+---------+-------+---------+---------+-------
      Total |      10 |       2 |  16.7 |       3 |       1 |  25.0
            +---------+---------+-------+---------+---------+-------
        D:1 |      10 |       2 |  16.7 |       3 |       1 |  25.0
            +---------+---------+-------+---------+---------+-------
